Unix NetHack Version 5.0.0-0 post-release - last build May 23 2026 06:08:33 (1c0ff79ee797540d5714e4e18072db0edd9e58ae,branch:main).

Game began 2026-05-22 12:56:57, ended 2026-05-23 19:20:53.

Anarchos, lawful female dwarven Valkyrie

 -----------     ---------
 |..(......|  ###........|      --------                  -----
 |.........+#### |.......-#    #......Pr        ------    |....#
 |.........| #   |.......|#    #......>edd*###  |....|   #....|##
 |.........| #   ---------#  ###|.....#|     ###.....|   #|...| #
 |.........-##############`#### |.....:|        |....|   #----- #    -----
 ------.----##           ##     |......|        |.....####      #### |...|
    #### ####            ##     ----|---        |....|             ##|..<|
    #    #               ##         #           |....|              #|...|
    #    #               ###        #           ------              #....|
    #    #               # #    #####                                |...|
    #    #              ## #----.----                                -----
 ---|---##            ###  #|.......|
 |..%..-#             #    #|*......|
 |.....|   `###########    #-.......|
 |.....|`###                |.......|
 |.....|                    ---------
 |.....|
 -------

Anarchos the Werejackal     St:16 Dx:15 Co:19 In:6 Wi:11 Ch:10  Lawful
Dlvl:3  $:0  HP:0(7) Pw:16(16) AC:7  HD:2 T:7614  Starved 

Latest messages:
 Your coyote steps reluctantly onto a heavy iron ball (chained to you).
 Your coyote steps reluctantly onto a heavy iron ball (chained to you).
 Your coyote steps reluctantly onto a heavy iron ball (chained to you).
 Your coyote steps reluctantly onto a heavy iron ball (chained to you).
 Your coyote steps reluctantly onto a heavy iron ball (chained to you).
 Your coyote steps reluctantly onto a heavy iron ball (chained to you).
 You see a gas cloud dissipate.
 Your coyote steps reluctantly onto a heavy iron ball (chained to you).
 Your coyote steps reluctantly onto a heavy iron ball (chained to you).
 Your coyote steps reluctantly onto a heavy iron ball (chained to you).
 You see a gas cloud dissipate.
 Your coyote steps reluctantly onto a heavy iron ball (chained to you).
 You see a gas cloud dissipate.
 Your coyote steps reluctantly onto a heavy iron ball (chained to you).
 Your coyote steps reluctantly onto a heavy iron ball (chained to you).
 You can move again.
 You faint from lack of food.
 Your coyote steps reluctantly onto a heavy iron ball (chained to you).
 Your coyote steps reluctantly onto a heavy iron ball (chained to you).
 Your coyote steps reluctantly onto a heavy iron ball (chained to you).
 Your coyote steps reluctantly onto a heavy iron ball (chained to you).
 Your coyote steps reluctantly onto a heavy iron ball (chained to you).
 You dream that you see a gas cloud dissipate.
 Your coyote steps reluctantly onto a heavy iron ball (chained to you).
 Your coyote steps reluctantly onto a heavy iron ball (chained to you).
 Your coyote steps reluctantly onto a heavy iron ball (chained to you).
 Your coyote steps reluctantly onto a heavy iron ball (chained to you).
 Your coyote steps reluctantly onto a heavy iron ball (chained to you).
 You regain consciousness.
 You bite the floating eye.
 You miss the floating eye.
 You are frozen by the floating eye's gaze!
 Your coyote steps reluctantly onto a heavy iron ball (chained to you).
 Your coyote steps reluctantly onto a heavy iron ball (chained to you).
 Your coyote steps reluctantly onto a heavy iron ball (chained to you).
 You see a gas cloud dissipate.
 Your coyote steps reluctantly onto a heavy iron ball (chained to you).
 Your coyote steps reluctantly onto a heavy iron ball (chained to you).
 Your coyote steps reluctantly onto a heavy iron ball (chained to you).
 Your coyote steps reluctantly onto a heavy iron ball (chained to you).
 Your coyote steps reluctantly onto a heavy iron ball (chained to you).
 Your coyote steps reluctantly onto a heavy iron ball (chained to you).
 Your coyote steps reluctantly onto a heavy iron ball (chained to you).
 Your coyote steps reluctantly onto a heavy iron ball (chained to you).
 Your coyote steps reluctantly onto a heavy iron ball (chained to you).
 The rock mole bites!
 Your coyote steps reluctantly onto a heavy iron ball (chained to you).
 You die from starvation.
 Do you want your possessions identified? [ynq] (y) y
 Do you want to see your attributes? [ynq] (y) q

Inventory:
 Amulets  ('"')
  D - an uncursed amulet of ESP (being worn)

Anarchos the Valkyrie's attributes:

Background:
 You were in female werejackal form.
 You were actually a Fighter, a level 7 dwarven Valkyrie.
 You were lawful, on a mission for Tyr
 who was opposed by Odin (neutral) and Loki (chaotic).
 You were normally right-handed.
 You were in the Dungeons of Doom, on level 3.
 You entered the dungeon 7614 turns ago.

Basics:
 You had 0 out of 7 hit points.
 You had all 16 energy points (spell power).
 You had 2 hit dice.
 Your armor class was 7.
 Your wallet was empty.
 Autopickup was on for all types.

Final Characteristics:
 Your strength was 16.
 Your dexterity was 15.
 Your constitution was 19.
 Your intelligence was 6.
 Your wisdom was 11.
 Your charisma was 10.

Final Status:
 You were transformed.
 You were chained to a heavy iron ball.
 You were starved.
 You were unencumbered.
 You weren't wielding anything.
 You were unskilled in bare handed combat.
 You weren't wearing any armor.

Final Attributes:
 You were piously aligned.
 You were cold resistant.
 You were poison resistant.
 You were level-drain resistant.
 You were telepathic.
 You were stealthy.
 You aggravated monsters.
 You regenerated.
 You were a werejackal in beast form.
 You were harmed by silver.
 You were fast.
 You were unlucky.
 Tyr was angry with you.
 You are dead.

Miscellaneous:
 You didn't encounter any bones levels.
 Total elapsed playing time was 6 hours, 59 minutes and 47 seconds.

Major events:
 Turn
    1: Anarchos the lawful dwarven Valkyrie entered the dungeon
  369: attained the rank of Skirmisher (level 3)
  565: entered the Gnomish Mines
 1505: reached Mine Town
 4141: attained the rank of Fighter (level 6)
 7614: died of starvation, while frozen by a floating eye's gaze

Spells:
 Name                 Level Category     Fail Retention
 detect unseen          3   divination   100%  76%-100%
 healing                1   healing       44%  76%-100%

Skills:
 Fighting Skills
   bare handed combat [Unskilled]
   two weapon combat  [Unskilled]
   riding             [Unskilled]
 Weapon Skills
   dagger             [Basic]
   axe                [Unskilled]
   pick-axe           [Basic]
   short sword        [Unskilled]
   broadsword         [Unskilled]
   long sword         [Unskilled]
   two-handed sword   [Unskilled]
   saber              [Unskilled]
   hammer             [Unskilled]
   quarterstaff       [Unskilled]
   polearms           [Unskilled]
   spear              [Skilled]
   trident            [Unskilled]
   lance              [Unskilled]
   sling              [Unskilled]
 Spellcasting Skills
   attack spells      [Unskilled]
   escape spells      [Unskilled]

Voluntary challenges:
 Character rerolling was not enabled.
 You never genocided any monsters.
 You never polymorphed an object.
 You used no wishes.
Achievements:
 You attained the rank of Skirmisher.
 You entered the Gnomish Mines.
 You entered Minetown.
 You entered a shop.
 You entered a temple.
 You attained the rank of Fighter.

 The Dungeons of Doom: levels 1 to 5
    Level 1: "loadstone near water !!"
    Level 2:
       Stairs down to The Gnomish Mines.
    Level 3: <- You were here.
       Final resting place for
          you, died of starvation, while frozen by a floating eye's gaze.
    Level 4:
    Level 5:
       Some fountains.
 The Gnomish Mines: levels 3 to 6
    Level 3:
    Level 4:
    Level 5:
       Many shops, a temple and an altar to Tyr, many fountains.
    Level 6:


Vanquished creatures:
  a water demon
  a small mimic
  2 watchmen
 an amorous demon
  a gnome mummy
 an imp
  6 rock piercers
  3 yellow lights
  4 gnome leaders
  a gnomish wizard
  a black naga hatchling
  a gray ooze
  3 elf zombies
  a paper golem
  a giant ant
  3 floating eyes
  2 dwarves
  2 homunculi
  a kobold shaman
  4 rothes
  a centipede
  a giant bat
  2 orc zombies
  a werejackal
  4 iguanas
  4 acid blobs
  a gas spore
  a hobbit
  a large kobold
  a hobgoblin
  a giant rat
  4 cave spiders
  a brown mold
  2 yellow molds
  a red mold
 14 gnomes
 10 garter snakes
  a gnome zombie
  3 geckos
 20 jackals
  6 foxes
  a kobold
  7 goblins
  a sewer rat
  8 grid bugs
  5 bats
  4 lichens
  8 newts
154 creatures vanquished.

No species were genocided or became extinct.

Game over:
                       ----------
                      /          \
                     /    REST    \
                    /      IN      \
                   /     PEACE      \
                  /                  \
                  |     Anarchos     |
                  |       0 Au       |
                  |     died of      |
                  |    starvation    |
                  |                  |
                  |                  |
                  |       2026       |
                 *|     *  *  *      | *
        _________)/\\_//(\/(/\)/\//\/|_)_______

Farvel Anarchos the Valkyrie...

You starved in The Dungeons of Doom on dungeon level 3 with 3314 points,
and 0 pieces of gold, after 7614 moves.
You were level 7 with a maximum of 92 hit points when you starved.

